 Dungeon Crawl Stone Soup version 0.21.1-1-g345015f (webtiles) character file.

93 infcreate the Covered (level 4, -4/40 HPs)
             Began as a Minotaur Fighter on Apr 30, 2018.
             Was an Initiate of Trog.
             Slain by a crocodile (6 damage)
             ... in a sewer.
             The game lasted 00:10:32 (1871 turns).

infcreate the Covered (Minotaur Fighter)            Turns: 1871, Time: 00:10:33

Health: -4/40      AC: 13    Str: 22    XL:     4   Next: 36%
Magic:  3/3        EV:  4    Int:  5    God:    Trog [......]
Gold:   143        SH:  9    Dex:  9    Spells: 3/3 levels left

rFire    . . .     SeeInvis .   a - +0 war axe
rCold    . . .     Gourm    .   c - +0 shield
rNeg     . . .     Faith    .   l - +0 plate armour
rPois    .         Spirit   .   (helmet restricted)
rElec    .         Reflect  .   (no cloak)
rCorr    .         Harm     .   b - +0 pair of gloves
MR       .....                  (no boots)
Stlth    ..........             (no amulet)
HPRegen  0.13/turn              (no ring)
MPRegen  0.08/turn              (no ring)

@: no status effects
A: retaliatory headbutt, horns 2
a: Burn Spellbooks, Renounce Religion


You were in a sewer.
You worshipped Trog.
Trog was noncommittal.
You were not hungry.

You visited 1 branch of the dungeon, and saw 3 of its levels.
You also visited: Sewer.

You collected 143 gold pieces.

Inventory:

Hand Weapons
 a - a +0 war axe (weapon)
Armour
 b - a +0 pair of gloves (worn)
 c - a +0 shield (worn)
 l - a +0 plate armour (worn)
Scrolls
 e - 2 scrolls of enchant weapon {unknown}
 g - 3 scrolls of identify
 i - 2 scrolls of fog {unknown}
 j - 2 scrolls of teleportation
 m - a scroll of noise
 n - 2 scrolls of remove curse {unknown}
Potions
 d - a potion of might
 h - a potion of flight {unknown}
 k - 2 potions of invisibility {unknown}
 o - a potion of resistance {unknown}
 p - a potion of curing {unknown}
Comestibles
 f - 2 rations


   Skills:
 + Level 4.2 Fighting
 + Level 3.7 Axes
 + Level 4.4 Armour
 + Level 4.4 Shields


You had 3 spell levels left.
You didn't know any spells.

Dungeon Overview and Level Annotations

Branches:
Dungeon (3/15)

Altars:
Trog


Innate Abilities, Weirdness & Mutations

You reflexively headbutt those who attack you in melee.
You have a pair of horns on your head.


Message History

You barely miss the crocodile.
The crocodile is severely wounded.
You block the crocodile's attack.
You barely miss the crocodile.
The crocodile is severely wounded.
The crocodile bites you! The crocodile bites you.
You are too injured to fight recklessly!
You are too injured to fight recklessly!
You are too injured to fight recklessly!
Your shield and plate armour prevent you from hitting the crocodile.
The crocodile is severely wounded.
The crocodile bites you!
* * * LOW HITPOINT WARNING * * *
You hit the crocodile.
The crocodile is severely wounded.
You block the crocodile's attack.
You slash the crocodile!
The crocodile is almost dead.
The crocodile bites you.
You die...

##### #
#?[#. %
:≈#≈#.
#...#
##.≈.##
#≈≈≈t.#
#...≈@##
#...#≈..#
#.≈
##..##
#.. #≈..#
#≈ ##≈.#
#.≈ #..#
#.. #..#
#≈.#
##≈.#
#..≈
#...#


You could see a crocodile.

Vanquished Creatures
  3 adders
  An ooze (D:2)
  2 worms (D:2)
  3 dart slugs
  4 leopard geckos
  5 giant cockroaches
  2 goblins (D:1)
  5 hobgoblins
  2 jackals (Sewer)
  6 kobolds
  2 quokkas (D:2)
  4 bats
  2 frilled lizards
  3 rats
44 creatures vanquished.

Notes
Turn   | Place    | Note
-------+----------+-------------------------------------------
     0 | D:1      | infcreate the Minotaur Fighter began the quest for the Orb.
     0 | D:1      | Reached XP level 1. HP: 19/19 MP: 0/0
   372 | D:1      | Reached XP level 2. HP: 24/27 MP: 1/1
   728 | D:2      | Reached XP level 3. HP: 30/33 MP: 2/2
  1685 | D:3      | Found a bloodstained altar of Trog.
  1690 | D:3      | Became a worshipper of Trog the Wrathful
  1706 | D:3      | Reached XP level 4. HP: 37/40 MP: 3/3
  1777 | D:3      | Found a glowing drain.
  1792 | Sewer    | Entered a sewer
  1856 | Sewer    | Noticed a crocodile
  1869 | Sewer    | HP: 2/40 [crocodile (13)]
  1871 | Sewer    | Slain by a crocodile

Skill      XL: |  1  2  3 |
---------------+----------+-----
Armour         | 4 |  4.4
Fighting       | 4 |  4.2
Shields        | 4 |  4.4
Axes           | 3 |  3.7

Action                   |  1- 3 |  4- 6 || total
-------------------------+-------+-------++-------
Melee: War axe           |    89 |    54 ||   143
       Headbutt          |    12 |     6 ||    18
  Use: Scroll            |     1 |     1 ||     2
  Eat: Chunk             |     2 |     1 ||     3
Armor: Scale mail        |     7 |       ||     7
       Plate armour      |    33 |    30 ||    63
Dodge: Dodged            |    17 |    12 ||    29
Block: Shield            |    39 |    30 ||    69
